AoeStats
← 旦旦ovo

Arena

509636562Analyzed
4v4 RM · 6d ago on Sep 27, 2026· 57m 21s· 8 players
Game mode
Random Map
Map size
Large (8 player)
Population
200
Speed
Normal
Resources
Standard
Victory
Conquest
Starting age
Dark Age
Ending age
Imperial Age
RankedLock teamsTeams togetherTeam positionsShared explorationLock speedFull tech treeHidden civsTurbo modeCheats
Victory
Defeat
1016
+20
🇨🇳 Franks · China
1001
+21
🇨🇳 Vietnamese · China
963
+36
🇨🇳 Inca · China
956
+33
🇨🇳 Mongols · China
920
-13
🇨🇳 Spanish · China
886
-12
🇮🇳 Britons · India
881
-11
🇩🇪 Teutons · Germany
880
-23
蒙式战车
3:21 Loom
10:14 Feudal Age
14:44 Castle Age
18:14 Pikeman
19:58 Man-at-Arms
25:03 Padded Archer Armor
34:34 Imperial Age
34:34 Nomads
35:25 Fortified Wall
49:00 Drill
dachui wang
11:29 Feudal Age
9:50 Loom
15:18 Castle Age
13:22 Horse Collar
13:38 Double-Bit Axe
16:39 Bow Saw
20:21 Herbal Medicine
20:48 Heavy Plow
22:39 Wheelbarrow
23:37 Stone Mining
23:37 Gold Mining
26:46 Hand Cart
30:28 Imperial Age
29:02 Hand Cart
28:42 Fletching
28:53 Padded Archer Armor
30:05 Town Watch
30:48 Bodkin Arrow
31:09 Leather Archer Armor
31:06 Forging
31:19 Ballistics
30:55 Murder Holes
31:15 Town Patrol
32:36 Chemistry
31:49 Masonry
31:45 Bracer
31:50 Scale Barding Armor
33:01 Ring Archer Armor
32:32 Scale Mail Armor
33:54 Stone Shaft Mining
34:23 Two-Man Saw
34:34 Iron Casting
33:48 Arrowslits
35:12 Chain Barding Armor
36:12 Conscription
35:14 Elite Conquistador
36:29 Hoardings
36:18 Supremacy
36:38 Bombard Tower
36:48 Architecture
36:37 Bloodlines
36:31 Husbandry
38:12 Light Cavalry
41:10 Plate Barding Armor
41:36 Blast Furnace
50:14 Sappers
50:20 Hussar
Killing Strike
3:23 Loom
10:20 Feudal Age
17:11 Castle Age
15:24 Double-Bit Axe
15:22 Horse Collar
15:54 Stone Mining
24:12 Yeomen
31:48 Bow Saw
34:19 Imperial Age
33:13 Wheelbarrow
33:19 Heavy Plow
34:19 Hand Cart
33:53 Town Watch
34:00 Gold Mining
34:24 Padded Archer Armor
34:15 Fletching
33:49 Pikeman
34:30 Squires
34:15 Gambesons
34:16 Arson
34:37 Town Patrol
34:51 Halberdier
37:05 Murder Holes
37:31 Ballistics
38:57 Gold Shaft Mining
40:32 Chemistry
41:02 Leather Archer Armor
40:42 Bodkin Arrow
40:57 Forging
42:54 Scale Mail Armor
43:24 Ring Archer Armor
42:54 Bracer
44:02 Iron Casting
50:32 Blast Furnace
49:48 Chain Mail Armor
Tcmuz
12:43 Feudal Age
15:25 Double-Bit Axe
16:08 Horse Collar
20:30 Gold Mining
20:35 Stone Mining
25:12 Castle Age
29:34 Crossbowman
29:37 Elite Skirmisher
29:40 Pikeman
30:28 Scale Mail Armor
30:38 Forging
30:30 Padded Archer Armor
30:21 Fletching
33:11 Bow Saw
33:04 Heavy Plow
39:06 Imperial Age
37:54 Iron Casting
39:58 Leather Archer Armor
39:42 Bodkin Arrow
42:16 Halberdier
43:07 Cavalier
46:24 Chain Mail Armor
47:10 Blast Furnace
46:26 Leather Archer Armor
49:00 Paladin
旦旦ovo
10:17 Feudal Age
11:48 Double-Bit Axe
14:10 Castle Age
15:45 Bow Saw
18:57 Loom
23:36 Wheelbarrow
22:50 Loom
26:05 Hand Cart
25:36 Town Watch
25:43 Gold Mining
25:45 Stone Mining
27:15 Scale Barding Armor
27:21 Forging
27:01 Fletching
30:14 Imperial Age
28:50 Chain Barding Armor
29:40 Iron Casting
30:00 Gold Shaft Mining
30:25 Fletching
31:01 Husbandry
30:39 Cavalier
31:59 Plate Barding Armor
32:24 Blast Furnace
32:41 Chemistry
31:47 Siege Engineers
31:22 Treadmill Crane
32:04 Ballistics
32:38 Bodkin Arrow
33:12 Conscription
32:45 Paladin
38:37 Chivalry
39:12 Hoardings
42:36 Caravan
49:31 Padded Archer Armor
50:59 Masonry
kimi没子弹了
10:33 Feudal Age
14:37 Castle Age
14:12 Double-Bit Axe
19:16 Horse Collar
20:35 Bow Saw
26:34 Gold Mining
26:42 Fletching
27:26 Heavy Plow
28:38 Wheelbarrow
28:56 Chatras
31:00 Thumb Ring
30:33 Crossbowman
31:12 Bodkin Arrow
31:18 Padded Archer Armor
31:30 Forging
31:31 Scale Barding Armor
34:22 Imperial Age
33:12 Leather Archer Armor
34:49 Chain Barding Armor
35:05 Iron Casting
34:28 Arbalester
35:41 Elite Battle Elephant
39:03 Two-Man Saw
40:11 Bracer
41:12 Plate Barding Armor
41:07 Ring Archer Armor
51:30 Ballistics
52:11 Chemistry
萌萌哒的猫饼
10:44 Feudal Age
15:08 Castle Age
15:11 Double-Bit Axe
17:10 Fervor
18:39 Bow Saw
19:03 Horse Collar
22:06 Heavy Plow
27:39 Wheelbarrow
27:28 Loom
28:18 Gold Mining
31:52 Imperial Age
30:14 Hand Cart
30:44 Ballistics
30:44 Masonry
30:28 Fletching
30:39 Padded Archer Armor
31:09 Husbandry
31:20 Bloodlines
31:11 Town Watch
32:16 Town Patrol
32:22 Grand Trunk Road
33:01 Gold Shaft Mining
32:39 Thumb Ring
31:55 Elite Skirmisher
32:02 Heavy Camel Rider
33:28 Conscription
34:10 Chemistry
34:01 Shatagni
35:11 Two-Man Saw
34:08 Bodkin Arrow
34:28 Leather Archer Armor
35:37 Bracer
37:00 Ring Archer Armor
36:38 Onager
38:33 Imperial Camel Rider
39:41 Forging
39:36 Scale Barding Armor
39:45 Siege Engineers
40:45 Caravan
40:10 Imperial Skirmisher
43:22 Iron Casting
43:07 Chain Barding Armor
43:06 Murder Holes
45:02 Blast Furnace
45:25 Hoardings
53:19 Plate Barding Armor
Real DK
0:49 Loom
10:00 Feudal Age
10:27 Double-Bit Axe
11:52 Wheelbarrow
11:02 Town Watch
12:11 Horse Collar
12:24 Gold Mining
15:24 Champi Runner
16:03 Stone Mining
21:23 Scale Mail Armor
21:33 Forging
25:45 Castle Age
29:02 Fletching
29:12 Padded Archer Armor
37:38 Castle Age
37:16 Arson
38:08 Champi Warrior
38:10 Pikeman
38:52 Squires
39:22 Hand Cart
39:29 Chain Mail Armor
39:49 Iron Casting
45:08 Gold Shaft Mining
44:46 Bow Saw
44:37 Heavy Plow
45:13 Stone Shaft Mining
50:49 Imperial Age
52:40 Conscription
52:54 Crop Rotation
54:18 Halberdier
54:37 Elite Champi Warrior
Connection lost

Rejoining the realm…

Still unreachable

The connection could not be restored.

Session expired

The server has moved on; the page needs a fresh start.